 Dungeon Crawl Stone Soup version 0.31-a0-986-g5e6e4ef867 (webtiles) character file.

Game seed: 3178641786386389173

8591 wildpjah the Carver (level 11, -3/86 HPs)
             Began as a Merfolk Gladiator on Nov 23, 2023.
             Was a High Priest of Okawaru.
             Slain by a fire dragon (6 damage)
             ... on level 10 of the Dungeon.
             The game lasted 00:32:49 (10029 turns).

wildpjah the Carver (Merfolk Gladiator)            Turns: 10029, Time: 00:32:49

Health: -3/86      AC: 15    Str: 18    XL:     11   Next: 33%
Magic:  6/11       EV:  7    Int:  9    God:    Okawaru [*****.]
Gold:   565        SH: 27    Dex: 29    Spells: 10/10 levels left

rFire   . . .        N - +0 falchion
rCold   + + .        V - +5 tower shield "Modosa Abbe" {Fly rC++ Dex+4}
rNeg    . . .        S - +0 plate armour "Midoq" {Rampage Str+4}
rPois   .            y - +1 helmet
rElec   .            (no cloak)
rCorr   .            C - +0 pair of gloves
SInv    .            (no boots)
Will    .....        o - amulet "Titrez" {Reflect Slay+2 SH+5} Stlth
                     j - +6 ring of dexterity
HPRegen 0.34/turn    z - ring of wizardry
MPRegen 0.12/turn

%: reflection, rampage, wizardry (x1)
@: brilliant, about to teleport, flying
A: (nimble swimmer 2), mertail
a: Renounce Religion, Heroism, Finesse, Duel


You were on level 10 of the Dungeon.
You worshipped Okawaru.
Okawaru was extremely pleased with you.
You visited 2 branches of the dungeon, and saw 11 of its levels.
You also visited: Bailey.

You collected 565 gold pieces.

Inventory:

Hand Weapons
 a - a +0 long sword
 t - a +2 dagger of flaming
 H - a +3 dagger of freezing
 J - a +1 great sword
 N - a +0 falchion (weapon)
Missiles
 d - 5 throwing nets
 D - 9 boomerangs
 E - 26 poisoned darts
Armour
 b - a +0 leather armour
 v - a +0 scale mail
 y - a +1 helmet (worn)
 C - a +0 pair of gloves (worn)
 R - +0 acid dragon scales
 S - the +0 plate armour "Midoq" (worn) {Rampage Str+4}
   (You found it on level 10 of the Dungeon)

   Str+4:     It affects your strength (+4).
   Rampage:   It bestows one free step when moving towards enemies.
 U - +1 gold dragon scales
 V - the +5 tower shield "Modosa Abbe" (worn) {Fly rC++ Dex+4}
   (You found it in a bailey)

   Dex+4:     It affects your dexterity (+4).
   rC++:      It greatly protects you from cold.
   Fly:       It grants you flight.
Jewellery
 j - a +6 ring of dexterity (left hand)
 o - the amulet "Titrez" (around neck) {Reflect Slay+2 SH+5}
   (You found it on level 2 of the Dungeon)

   [amulet of reflection]

   Reflect:   It reflects blocked missile attacks.
   Slay+2:    It affects your accuracy & damage with ranged weapons and melee
   (+2).
   SH+5:      It affects your SH (+5).
 z - a ring of wizardry (right hand)
 O - a ring of poison resistance
Wands
 x - a wand of light (5)
 L - a wand of flame (56)
 Q - a wand of digging (7)
Scrolls
 c - a scroll of vulnerability
 e - 3 scrolls of revelation
 g - 3 scrolls of teleportation
 n - a scroll of poison
 p - 2 scrolls of enchant weapon
 r - 2 scrolls of amnesia
 s - a scroll of noise {unknown}
 w - 4 scrolls of blinking
 A - a scroll of butterflies {unknown}
 B - a scroll of fog {unknown}
 K - a scroll of fear {unknown}
 P - 2 scrolls of identify
Potions
 f - 5 potions of curing
 h - 2 potions of cancellation {unknown}
 i - a potion of lignification {unknown}
 k - 2 potions of enlightenment {unknown}
 l - 2 potions of invisibility {unknown}
 m - 3 potions of ambrosia {unknown}
 q - 2 potions of attraction {unknown}
 u - 4 potions of heal wounds {unknown}
 F - 5 potions of brilliance
 G - a potion of berserk rage {unknown}
 I - a potion of mutation {unknown}
 M - 3 potions of haste {unknown}
Miscellaneous
 T - a condenser vane (inert)


   Skills:
 + Level 8.1 Fighting
 + Level 14.6 Long Blades
 + Level 3.0 Throwing
 + Level 5.1 Armour
 + Level 7.9 Dodging
 + Level 3.8 Stealth
 + Level 3.0 Shields
 + Level 0.8 Evocations


You had 10 spell levels left.
You didn't know any spells.
Your spell library contained the following spells:

 Spells                   Type           Power      Damage    Failure   Level
 Foxfire                  Conj/Fire      0%         2x1d4     100%        1
 Magic Dart               Conj           0%         1d3       100%        1
 Sandblast                Erth           0%         2d4       100%        1
 Passwall                 Tmut/Erth      0%         N/A       100%        2
 Wereblood                Tmut           0%         N/A       100%        2
 Stone Arrow              Conj/Erth      0%         3d7       100%        3
 Brom's Barrelling Bould  Conj/Erth      0%         2d3       100%        4
 Passage of Golubria      Tloc           0%         N/A       100%        4
 Irradiate                Conj/Tmut      0%         3d11      100%        5
 Yara's Violent Unravell  Hex/Tmut       0%         3d3       100%        5
 Plasma Beam              Fire/Air       0%         2x1d10    100%        6
 Starburst                Conj/Fire      0%         6d3       100%        6
 Tukima's Dance           Hex            Unusable   N/A       N/A         3

Dungeon Overview and Level Annotations

Branches:
Dungeon (10/15)            Temple (1/1) D:4          Bailey (visited)
   Lair: D:8-11         Orc: D:9-12

Altars:
Ashenzari
Cheibriados
Dithmenos
Elyvilon
Fedhas
Gozag
Hepliaklqana
Kikubaaqudgha
Makhleb
Nemelex Xobeh
Okawaru
Qazlal
Ru
Sif Muna
Trog
Uskayaw
Vehumet
Wu Jian
Xom
Yredelemnul
Zin
The Shining One


Innate Abilities, Weirdness & Mutations

((You are very nimble when in or above water. (Stealth+, EV+, Speed+++)))
Your lower body shifts to a powerful aquatic tail in water.


Message History

You block the fire dragon's attack. The fire dragon barely misses you.
You block the fire dragon's attack.
You barely miss the fire dragon.
The fire dragon is lightly wounded.
You block the fire dragon's attack.
The fire dragon claws you but does no damage.
You block the fire dragon's attack.
You hit the fire dragon.
The fire dragon is lightly wounded.
You block the fire dragon's attack.
The fire dragon claws you but does no damage.
The fire dragon tramples you.
You are shoved backwards!
You hit the fire dragon.
The fire dragon is moderately wounded.
You slash the fire dragon!
The fire dragon is moderately wounded.
The fire dragon breathes flames at you. The blast of flame hits you!!
* * * LOW HITPOINT WARNING * * *
You hit the fire dragon.
The fire dragon is moderately wounded.
The fire dragon closely misses you. You block the fire dragon's attack.
The fire dragon tramples you but does no damage.
The smoke demon gestures at you. Something smites you!
* * * LOW HITPOINT WARNING * * *
You feel better. You block the fire dragon's attack.
The fire dragon barely misses you. You block the fire dragon's attack.
It was a potion of brilliance.
You feel clever all of a sudden. The fire dragon bites you!
* * * LOW HITPOINT WARNING * * *
The fire dragon claws you but does no damage.
The fire dragon tramples you but does no damage.
Okay, then.
As you read the scroll of teleportation, it crumbles to dust.
You feel strangely unstable. The fire dragon bites you!
* * * LOW HITPOINT WARNING * * *
You block the fire dragon's attack. The fire dragon tramples you.
You die...

......# ....#.##########
....#....#.....#
....####.#.....# ....#
#.......# ....#
##......#### ###.#
####'###.. .# #. #..##.#
#.# ##.##@# #.# #.# #.##D#
#.# ##..###### #..#3#
#.##...##..... ##..3#
#.##..........
###.###.#...~≈~~~≈~≈ .#
#.#...#.#.~####### ..#
######...#...#.~#>...∩#
..#
#....°...>...#.~#.....#
#.###...........#.~##'))##


You could see a fire dragon (catching breath) and 2 smoke demons.

Vanquished Creatures
  A two-headed ogre (D:10)
  An orc knight (Bailey)
  Jeremiah (D:7)
  A troll (D:10)
  Sigmund (D:3)
  A wraith (D:9)
  Grum (D:9)
  14 yaks
  2 acid dragons
  3 water moccasins
  3 ice beasts
  2 sky beasts
  6 orc warriors (Bailey)
  An ogre (D:5)
  2 black bears
  4 wolves (D:9)
  4 phantoms (D:5)
  2 kobold brigands
  A gnoll sergeant (D:10)
  4 scorpions
  8 wights
  7 killer bees
  4 howler monkeys
  3 hounds
  A jelly (D:5)
  3 orc priests
  A gnoll bouda (D:5)
  3 sleepcaps
  Jessica (D:2)
  3 iguanas
  4 orc wizards
  Robin (D:4)
  13 gnolls
  13 adders
  A white imp (D:7)
  A worm (D:3)
  3 dart slugs
  29 orcs
  5 endoplasms
  4 giant cockroaches
  10 hobgoblins
  2 jackals (D:5)
  6 quokkas
  4 ball pythons
  2 bats (D:2)
  5 frilled lizards
  17 goblins
  24 kobolds
  8 rats
241 creatures vanquished.

Vanquished Creatures (others)
  A kobold (D:7)
1 creature vanquished.

Grand Total: 242 creatures vanquished

Notes
Turn   | Place    | Note
-------+----------+-------------------------------------------
     0 | D:1      | wildpjah the Merfolk Gladiator began the quest for the Orb.
     0 | D:1      | Reached XP level 1. HP: 16/16 MP: 1/1
   224 | D:1      | Reached XP level 2. HP: 22/22 MP: 2/2
   383 | D:1      | Reached skill level 4 in Long Blades
   628 | D:1      | Reached XP level 3. HP: 28/28 MP: 3/3
   900 | D:2      | Identified the amulet "Titrez" {Reflect Slay+2 SH+5}
  1328 | D:2      | Reached XP level 4. HP: 35/35 MP: 4/4
  1621 | D:2      | Found a faded altar of an unknown god.
  1650 | D:2      | Noticed Jessica
  1658 | D:2      | Killed Jessica
  2038 | D:3      | Reached skill level 5 in Long Blades
  2038 | D:3      | Reached skill level 1 in Stealth
  2038 | D:3      | Reached XP level 5. HP: 25/41 MP: 5/5
  2241 | D:3      | Noticed Sigmund
  2257 | D:3      | Killed Sigmund
  2258 | D:3      | Reached skill level 6 in Long Blades
  2258 | D:3      | Reached skill level 1 in Armour
  2258 | D:3      | Reached skill level 5 in Dodging
  2258 | D:3      | Reached skill level 1 in Shields
  2258 | D:3      | Reached XP level 6. HP: 20/47 MP: 6/6
  2370 | D:3      | Identified the +5 hand axe of the Oracle {antimagic, *Rage
                  | rElec rF++ rC++}
  2914 | D:4      | Reached skill level 7 in Long Blades
  2914 | D:4      | Reached XP level 7. HP: 41/53 MP: 7/7
  3080 | D:4      | Noticed Robin
  3123 | D:4      | Killed Robin
  3244 | D:4      | Found a staircase to the Ecumenical Temple.
  3267 | Temple   | Entered the Ecumenical Temple
  3278 | Temple   | Became a worshipper of Warmaster Okawaru
  3405 | D:4      | Identified the +1 crystal plate armour "Icif" {rF- Str+4}
  3531 | D:5      | Entered Level 5 of the Dungeon
  3618 | D:5      | Reached skill level 8 in Long Blades
  3708 | D:5      | Reached * piety under Okawaru
  3709 | D:5      | Reached XP level 8. HP: 60/61 MP: 8/8
  3718 | D:5      | Found a hide-covered altar of Uskayaw.
  3950 | D:5      | Reached skill level 5 in Fighting
  3969 | D:5      | Reached skill level 9 in Long Blades
  4007 | D:5      | Reached ** piety under Okawaru
  4706 | D:6      | Reached skill level 10 in Long Blades
  4706 | D:6      | Reached XP level 9. HP: 59/68 MP: 9/9
  4966 | D:6      | Identified the +0 helmet "Dosah" {-Tele Will- Int+3 Dex+7
                  | Stlth+}
  5343 | D:7      | Identified the of Faule
  5367 | D:7      | Noticed Jeremiah
  5413 | D:7      | Killed Jeremiah
  5413 | D:7      | Reached *** piety under Okawaru
  5414 | D:7      | Reached skill level 11 in Long Blades
  5780 | D:7      | Found an ancient bone altar of Kikubaaqudgha.
  5788 | D:7      | Found a shimmering blue altar of Sif Muna.
  5790 | D:7      | Found a radiant altar of Vehumet.
  7014 | D:8      | Found an opulent altar of Gozag.
  7071 | D:8      | Reached **** piety under Okawaru
  7072 | D:8      | Reached skill level 12 in Long Blades
  7102 | D:8      | Reached XP level 10. HP: 58/76 MP: 10/10
  7540 | D:9      | Found an ornate altar of the Wu Jian Council.
  7749 | D:9      | Identified the +1 robe "Bujor" {Str+5 Dex-5}
  7828 | D:9      | Reached ***** piety under Okawaru
  7829 | D:9      | Reached skill level 13 in Long Blades
  8481 | D:9      | Found a bloodstained altar of Trog.
  8580 | D:9      | Noticed Grum
  8604 | D:9      | Killed Grum
  8605 | D:9      | Reached skill level 14 in Long Blades
  8941 | D:10     | Entered Level 10 of the Dungeon
  8974 | D:10     | Identified the +0 plate armour "Midoq" {Rampage Str+4}
  8986 | D:10     | Found a flagged portal.
  9010 | Bailey   | Entered a bailey
  9200 | Bailey   | Reached XP level 11. HP: 44/84 MP: 11/11
  9361 | Bailey   | Identified the +5 tower shield "Modosa Abbe" {Fly rC++
                  | Dex+4}
  9380 | Bailey   | Noticed an orc knight
  9391 | Bailey   | Killed an orc knight
  9392 | Bailey   | Reached skill level 5 in Armour
  9821 | D:10     | Noticed a two-headed ogre
  9837 | D:10     | Killed a two-headed ogre
  9837 | D:10     | Received a gift from Okawaru
  9991 | D:10     | Noticed a fire dragon
 10029 | D:10     | HP: 3/86 [fire dragon (10)]
 10029 | D:10     | Slain by a fire dragon

Illustrated notes

Levels and vault maps discovered:
D:1:      lemuel_arrival_broad_hall, layout_basic, serial_forest,
          infiniplex_forest_straight_4, infiniplex_forest_diagonal,
          infiniplex_forest_clump_tiny, infiniplex_forest_clump_small
D:2:      minmay_evil_eye, layout_basic, shapermc_ecumenical_altar_hornbeckon,
          uniq_jessica
D:3:      layout_loops_ring, uniq_sigmund
D:4:      layout_rooms, minmay_temple_entry_statues, uniq_robin
D:5:      minmay_bubble_buster, layout_rooms, nicolae_uskayaw_dance_hall
D:6:      layout_loops_cross
D:7:      layout_gridville, grunt_temple_overflow_magic_moments, uniq_jeremiah
D:8:      layout_basic, grunt_gozag_statues
D:9:      layout_stronghold, pf_just_have_faith, nicolae_wu_jian_wuxing_cycle,
          kennysheep_generic_room_8, uniq_grum
D:10:     minmay_firetagon, layout_basic, enter_bailey_4,
          amcnicky_mini_corridor_feature
Temple:   hellmonk_temple_of_storms

Skill      XL: |  1  2  3  4  5  6  7  8  9 10 11 |
---------------+----------------------------------+-----
Long Blades    | 4 5 6 7 8 10 12 14 | 14.6
Fighting       | 3 4 5 6 7 8 |  8.1
Stealth        | 1 2 3 |  3.8
Armour         | 1 2 3 4 5 |  5.1
Dodging        | 5 6 7 |  7.9
Shields        | 1 2 3 |  3.0
Throwing       | 3 |  3.0
Evocations     | |  0.8

Action                     |  1- 3 |  4- 6 |  7- 9 | 10-12 || total
---------------------------+-------+-------+-------+-------++-------
  Melee: Long sword        |    87 |    89 |   214 |       ||   390
         Punch             |     2 |     1 |     6 |       ||     9
         Dagger            |       |     9 |     1 |       ||    10
         Great sword       |       |       |   111 |   200 ||   311
         Tailslap          |       |       |       |     9 ||     9
         Falchion          |       |       |       |    45 ||    45
  Throw: Javelin           |       |       |     1 |       ||     1
         Boomerang         |       |       |     4 |    11 ||    15
         Dart              |       |       |       |     6 ||     6
 Invoke: Heroism           |       |       |       |     1 ||     1
         Finesse           |       |       |       |     1 ||     1
  Evoke: Wand              |       |       |     5 |       ||     5
         Condenser vane    |       |       |       |     1 ||     1
    Use: Scroll            |       |       |     5 |     3 ||     8
         Potion            |       |       |     1 |     2 ||     3
   Stab: Sleeping          |     2 |     3 |       |       ||     5
         Distracted        |       |       |     2 |     1 ||     3
 Armour: Leather armour    |    39 |    30 |       |       ||    69
         Scale mail        |       |    10 |   165 |   108 ||   283
         Plate armour      |       |       |       |    31 ||    31
  Dodge: Dodged            |    61 |    56 |   169 |   147 ||   433
  Block: Other             |     8 |     8 |    62 |    51 ||   129
         Reflection        |       |       |     1 |       ||     1
         Tower shield      |       |       |       |    58 ||    58

Table legend: (Time is in decaauts)
 A = Elapsed time spent in this place.
 B = Non-inter-level travel time spent in this place.
 C = Inter-level travel time spent in this place.
 D = Time resting spent in this place.
 E = Time spent auto-exploring this place.
 F = Levels seen in this place.
 G = Mean time per level.
                   A        B        C        D        E       F      G
               +--------+--------+--------+--------+--------+-----+--------+
         Total |   9991 |   9590 |    401 |    272 |   7430 |  12 |  832.6 |
       Dungeon |   9558 |   9177 |    381 |    227 |   7256 |  10 |  955.8 |
        Temple |     22 |      2 |     20 |      0 |      0 |   1 |   22.0 |
        Bailey |    410 |    410 |      0 |     45 |    174 |   1 |  410.0 |
               +--------+--------+--------+--------+--------+-----+--------+

Top non-repeatable levels by time:
     D:9: 1527 daAuts
     D:8: 1103 daAuts
     D:3: 1062 daAuts
     D:5: 1051 daAuts
     D:2: 1024 daAuts
     D:7: 985 daAuts
     D:1: 826 daAuts
     D:6: 722 daAuts
     D:4: 650 daAuts
    D:10: 605 daAuts
  Bailey: 410 daAuts
  Temple: 22 daAuts
